 Dungeon Crawl Stone Soup version 0.29.1-13-g9f3cf754e1 (webtiles) character file.

Game seed: 3210125997664277921

574 javelincjr the Gusty (level 7, -4/51 HPs)
             Began as a Red Draconian Air Elementalist on Jan 26, 2023.
             Slain by Duvessa
             ... wielding a +0 short sword
              (5 damage)
             ... on level 4 of the Dungeon.
             The game lasted 00:15:29 (3987 turns).

javelincjr the Gusty (DrAE)                         Turns: 3987, Time: 00:15:29

Health: -4/51      AC:  6    Str: 10    XL:     7   Next: 12%
Magic:  8/22       EV: 12    Int: 18    God:
Gold:   196        SH:  3    Dex: 13    Spells: 11/14 levels left

rFire   + . .      SeeInvis .   n - +5 spear "Etuor" {freeze, Dex+2}
rCold   . . .      Faith    .   p - +0 buckler
rNeg    . . .      Spirit   .   (body armour unavailable)
rPois   .          Reflect  .   (helmet restricted)
rElec   .          Harm     .   (no cloak)
rCorr   .          Rampage  .   (no gloves)
Will    .....                   (no boots)
Stlth   ++........              (no amulet)
HPRegen 0.17/turn               l - ring of magical power
MPRegen 0.18/turn               (no ring)

@: short of breath, very slightly contaminated
A: breathe fire, AC +6, unfitting armour, fire resistance 1, cold-blooded
a: Breathe Fire


You were on level 4 of the Dungeon.
You visited 1 branch of the dungeon, and saw 4 of its levels.

You collected 196 gold pieces.

Inventory:

Hand Weapons
 b - a +0 dagger
 n - the +5 spear "Etuor" (weapon) {freeze, Dex+2}
   (You found it on level 3 of the Dungeon)

   It freezes those it strikes, dealing additional cold damage.
   It can also slow down cold-blooded creatures.
   Dex:       It affects your dexterity (+2).
 q - a +1 dagger of holy wrath
 r - a +0 vorpal sling
Armour
 p - a +0 buckler (worn)
Magical Staves
 g - a staff of death
Jewellery
 l - a ring of magical power (left hand)
Scrolls
 h - a scroll of silence
 i - 2 scrolls of enchant weapon
 k - 4 scrolls of identify
 t - 2 scrolls of noise {unknown}
 u - a scroll of immolation {unknown}
 v - a scroll of acquirement {unknown}
 w - a scroll of blinking {unknown}
Potions
 a - a potion of magic
 c - 2 potions of curing {unknown}
 d - a potion of resistance {unknown}
 e - a potion of invisibility {unknown}
 f - 2 potions of haste {unknown}
 j - 2 potions of attraction {unknown}
 m - 2 potions of flight {unknown}
 o - a potion of brilliance {unknown}
 s - a potion of lignification {unknown}


   Skills:
 + Level 0.3 Fighting
 + Level 0.2 Short Blades
 + Level 1.5 Polearms
 + Level 2.4 Dodging
 + Level 3.1 Stealth
 + Level 4.1 Spellcasting
 + Level 3.2 Conjurations
 + Level 4.8 Air Magic


You had 11 spell levels left.
You knew the following spells:

 Your Spells              Type           Power      Damage    Failure   Level
a - Shock                 Conj/Air       72%        1d7       3%          1
b - Static Discharge      Conj/Air       18%        3-6/arc   5%          2

Your spell library contained the following spells:

 Spells                   Type           Power      Damage    Failure   Level
 Swiftness                Air            21%        N/A       9%          3
 Airstrike                Air            10%        2d(2-18)  26%         4
 Inner Flame              Hex/Fire       3%         N/A       52%         3
 Cause Fear               Hex            1%         N/A       89%         4
 Discord                  Hex            1%         N/A       100%        8


Dungeon Overview and Level Annotations

Branches:
Dungeon (4/15)
 Temple: D:4-7

Altars:
Elyvilon
Nemelex Xobeh
Qazlal
Xom

Annotations:
D:4 Duvessa


Innate Abilities, Weirdness & Mutations

You can breathe blasts of fire.
Your fiery red scales are hard. (AC +6)
You cannot fit into any form of body armour.
Your flesh is heat resistant. (rF+)
You are cold-blooded and may be slowed by cold attacks.


Message History

Duvessa is struck by an arc of lightning.
Duvessa is moderately wounded.
You are struck by an arc of lightning.
Duvessa is struck by an arc of lightning!
Duvessa is heavily wounded.
The lightning grounds out.
Duvessa hits you with a +0 short sword! Duvessa barely misses you.
Casting: Static Discharge (safe; 5% risk of failure)
Confirm with . or Enter, or press ? or * to list all spells.
Duvessa is struck by an arc of lightning!
Duvessa is severely wounded.
You are struck by an arc of lightning.
Duvessa is struck by an arc of lightning!
Duvessa is severely wounded.
You are struck by an arc of lightning.
The lightning grounds out.
Duvessa closely misses you.
Casting: Static Discharge (safe; 5% risk of failure)
Confirm with . or Enter, or press ? or * to list all spells.
Okay, then.
Casting: Static Discharge (safe; 5% risk of failure)
Confirm with . or Enter, or press ? or * to list all spells.
Duvessa is struck by an arc of lightning.
Duvessa is almost dead.
You are struck by an arc of lightning.
The lightning grounds out.
Duvessa hits you with a +0 short sword.
* * * LOW HITPOINT WARNING * * *
Duvessa hits you with a +0 short sword!
* * * LOW HITPOINT WARNING * * *
Casting: Static Discharge (safe; 5% risk of failure)
Confirm with . or Enter, or press ? or * to list all spells.
Duvessa is struck by an arc of lightning.
Duvessa is almost dead.
You are struck by an arc of lightning.
* * * LOW HITPOINT WARNING * * *
Duvessa is struck by an arc of lightning.
Duvessa is almost dead.
You are struck by an arc of lightning.
* * * LOW HITPOINT WARNING * * *
The lightning grounds out.
Duvessa hits you with a +0 short sword.
You die...

#.# .# # #.# .# #.
#.# .#
#.##########.####.#
#.......)........)#
##....)####.####.#
#.....####.# ##.#
#.)).......# #e.#
#.....###### #@##
#..)..# #.#
#####.### #.#
........# #.#
#####.#.# #.# #
#.#.# #.# # ..# #
#.# ....### #.#
#.......########.#


You could see Duvessa (berserk).

Vanquished Creatures
  Sigmund (D:2)
  A black bear (D:4)
  A phantom (D:4)
  Dowan (D:4)
  2 orc priests (D:4)
  A jelly (D:4)
  Jessica (D:2)
  An adder (D:2)
  2 dart slugs
  8 orcs
  6 ball pythons
  5 endoplasms
  9 giant cockroaches
  11 goblins
  6 hobgoblins
  2 kobolds
  8 bats
  A frilled lizard (D:3)
  9 rats
  A bush (D:3)
77 creatures vanquished.

Notes
Turn   | Place    | Note
-------+----------+-------------------------------------------
     0 | D:1      | javelincjr the Draconian Air Elementalist began the quest
                  | for the Orb.
     0 | D:1      | Reached XP level 1. HP: 14/14 MP: 3/3
   193 | D:1      | Reached XP level 2. HP: 20/20 MP: 1/5
   661 | D:1      | Found a faded altar of an unknown god.
  1088 | D:2      | Found a stormy altar of Qazlal.
  1096 | D:2      | Reached XP level 3. HP: 26/26 MP: 5/7
  1117 | D:2      | Noticed Jessica
  1122 | D:2      | Killed Jessica
  1333 | D:2      | Reached XP level 4. HP: 30/33 MP: 4/8
  1366 | D:2      | Noticed Sigmund
  1742 | D:2      | Learned a level 2 spell: Static Discharge
  1765 | D:2      | Killed Sigmund
  1766 | D:2      | Reached XP level 5. HP: 10/38 MP: 0/10
  2317 | D:3      | Found a sparkling altar of Nemelex Xobeh.
  2572 | D:3      | Identified the +5 spear "Etuor" {freeze, Dex+2}
  3151 | D:3      | Found a shimmering altar of Xom.
  3348 | D:4      | Reached XP level 6. HP: 45/45 MP: 11/11
  3550 | D:4      | Noticed Duvessa
  3550 | D:4      | Noticed Dowan
  3841 | D:4      | Your scales start taking on a fiery red colour.
  3841 | D:4      | Reached XP level 7. HP: 45/51 MP: 13/13
  3841 | D:4      | Gained mutation: Your flesh is heat resistant. (rF+) [Red
                  | Draconian growth]
  3899 | D:4      | Found a white marble altar of Elyvilon.
  3981 | D:4      | Killed Dowan
  3982 | D:4      | Reached skill level 1 in Polearms
  3987 | D:4      | HP: 1/51 [/static electricity (3)]
  3987 | D:4      | Slain by Duvessa

Illustrated notes

Levels and vault maps discovered:
D:1:      dpeg_arrival_stonehenge_12_columns, layout_basic,
          ebering_ecumenical_altar_mist
D:2:      layout_rooms, basic_altar, uniq_sigmund, uniq_jessica
D:3:      minmay_diamond_boxcup, layout_basic, lemuel_doored_altar,
          mainiacjoe_overflow_alcove_2, serial_forest,
          infiniplex_forest_corner_1, infiniplex_forest_straight_2,
          infiniplex_forest_pool, infiniplex_forest_straight_1,
          infiniplex_forest_straight_2, infiniplex_forest_straight_3,
          infiniplex_forest_lined_2, hangedman_decor_lopped
D:4:      layout_loops_ring, elyvilon_altar_5, uniq_duvessa

Skill      XL: |  1  2  3  4  5  6  7 |
---------------+----------------------+-----
Dodging        | 2 |  2.4
Spellcasting   | 3 4 |  4.1
Stealth        | 2 3 |  3.1
Conjurations   | 2 3 |  3.2
Air Magic      | 4 |  4.8
Polearms       | 1 |  1.5
Fighting       | |  0.3
Short Blades   | |  0.2

Action                   |  1- 3 |  4- 6 |  7- 9 || total
-------------------------+-------+-------+-------++-------
Melee: Dagger            |     3 |    16 |       ||    19
       Unarmed           |     1 |       |       ||     1
       Spear             |       |    67 |       ||    67
       Tailslap          |       |    17 |       ||    17
 Cast: Shock             |    58 |    68 |     6 ||   132
       Static Discharge  |       |     7 |     5 ||    12
 Abil: Breathe Fire      |       |       |     2 ||     2
  Use: Scroll            |       |     2 |       ||     2
 Stab: Sleeping          |       |     4 |       ||     4
Armor: Skin              |     3 |     7 |     1 ||    11
Dodge: Dodged            |     2 |    23 |     2 ||    27
Block: Buckler           |       |     1 |     1 ||     2
